 Dungeon Crawl Stone Soup version 0.29-a0-317-gd16b76e6b1 (webtiles) character file.

Game seed: 1521454414906531873

156223 Morbidden the Zephyrmancer (level 16, -2/132 HPs)
             Began as a Demigod Air Elementalist on Apr 1, 2022.
             Slain by Agnes
             ... wielding a +1 spectral lajatang
              (20 damage)
             ... on level 2 of the Snake Pit.
             The game lasted 01:25:30 (49911 turns).

Morbidden the Zephyrmancer (DgAE)                  Turns: 49911, Time: 01:25:31

Health: -2/132     AC: 18    Str: 17    XL:     16   Next: 55%
Magic:  19/39      EV: 17    Int: 35    God:
Gold:   2680       SH:  0    Dex: 17    Spells: 16/43 levels left

rFire   . . .      SeeInvis .     - Unarmed
rCold   . . .      Faith    .   (no shield)
rNeg    . . .      Spirit   .   Q - +0 troll leather armour
rPois   .          Reflect  .   (helmet restricted)
rElec   .          Harm     .   p - +2 cloak
rCorr   .          Rampage  .   J - +1 pair of gloves {Dex+3}
Will    ++...                   A - +2 pair of boots
Stlth   ++........              R - amulet of regeneration
HPRegen 1.92/turn               f - +4 ring of protection
MPRegen 0.26/turn               g - ring "Kacun" {Will+ Int+6}

@: very slightly contaminated, hasted, very quick
A: high MP 1, forlorn, divine attributes, horns 1, iridescent scales 1
a: no special abilities


You were on level 2 of the Snake Pit.
You visited 4 branches of the dungeon, and saw 26 of its levels.
You also visited: Ossuary.

You collected 3339 gold pieces.
You spent 659 gold pieces at shops.

Inventory:

Hand Weapons
 M - a +3 dagger of holy wrath
Missiles
 j - 7 throwing nets
 m - 17 boomerangs
Armour
 l - a +2 helmet
 p - a +2 cloak (worn)
 u - a +1 leather armour of cold resistance
 A - a +2 pair of boots (worn)
 J - a +1 pair of gloves of dexterity (worn)
 L - +2 steam dragon scales
 Q - a +0 troll leather armour (worn)
 X - the +1 scale mail of Lucidity {Regen+}
   (You bought it in a shop on level 3 of the Snake Pit)

   Regen:     It increases your rate of health regeneration.
Jewellery
 c - a ring of ice
 d - a +6 ring of dexterity
 e - a ring of protection from fire
 f - a +4 ring of protection (left hand)
 g - the ring "Kacun" (right hand) {Will+ Int+6}
   (You found it on level 1 of the Snake Pit)

   [ring of intelligence]

   Int:       It affects your intelligence (+6).
   Will:      It increases your willpower.
 F - a ring of poison resistance
 O - a +4 ring of evasion
 R - an amulet of regeneration (around neck)
 T - a ring of magical power
 Y - an amulet of reflection
Wands
 k - a wand of paralysis (17)
 o - a wand of flame (43)
 v - a wand of iceblast (27)
 I - a wand of polymorph (20)
 U - a wand of mindburst (6)
Scrolls
 h - 5 scrolls of identify
 i - 5 scrolls of teleportation
 x - a scroll of silence
 z - a scroll of holy word
 D - a scroll of enchant armour
 E - 4 scrolls of immolation
 H - 8 scrolls of magic mapping
 N - 4 scrolls of amnesia
 P - 3 scrolls of brand weapon
Potions
 a - 6 potions of attraction
 b - 4 potions of magic
 n - 5 potions of curing
 q - 3 potions of lignification
 s - 3 potions of haste
 t - 4 potions of brilliance
 w - 2 potions of ambrosia
 B - 3 potions of invisibility
 C - 3 potions of mutation
 G - 6 potions of might
 K - a potion of cancellation
 S - 3 potions of flight
 V - 2 potions of berserk rage
Miscellaneous
 r - a tin of tremorstones (2/2)
 y - a box of beasts
 W - a lightning rod (4/4)


   Skills:
 * Level 9.0 Fighting
 + Level 1.7(2.1) Short Blades
 + Level 1.7(2.1) Long Blades
 + Level 1.7 Maces & Flails
 + Level 2.8 Armour
 * Level 9.3 Dodging
 + Level 3.2 Stealth
 * Level 8.8 Unarmed Combat
 * Level 14.4 Spellcasting
 + Level 7.7 Conjurations
 * Level 1.5 Translocations
 * Level 8.3 Transmutations
 * Level 14.5 Air Magic
 * Level 5.4 Evocations


You had 16 spell levels left.
You knew the following spells:

 Your Spells              Type           Power      Damage    Failure   Level
a - Airstrike             Air            45%        N/A       1%          4
b - Manifold Assault      Tloc           35%        N/A       28%         5
c - Swiftness             Air            91%        N/A       0%          3
d - Blade Hands           Tmut           35%        N/A       1%          5
s - Shock                 Conj/Air       100%       1d9       1%          1
x - Static Discharge      Conj/Air       80%        N/A       1%          2
z - Storm Form            Tmut/Air       40%        N/A       14%         7

Your spell library contained the following spells:

 Spells                   Type           Power      Damage    Failure   Level
 Animate Skeleton         Necr           50%        N/A       1%          1
 Apportation              Tloc           70%        N/A       1%          1
 Summon Small Mammal      Summ           100%       N/A       1%          1
 Blink                    Tloc           70%        N/A       1%          2
 Corpse Rot               Necr/Air       100%       N/A       1%          2
 Poisonous Vapours        Pois/Air       100%       N/A       1%          2
 Conjure Flame            Conj/Fire      51%        6-21      1%          3
 Ignite Poison            Fire/Tmut/Pois 44%        N/A       1%          3
 Stone Arrow              Conj/Erth      100%       3d13      1%          3
 Lesser Beckoning         Tloc           35%        N/A       3%          3
 Sticky Flame             Conj/Fire      51%        2d7       3%          4
 Portal Projectile        Hex/Tloc       60%        N/A       4%          3
 Call Canine Familiar     Summ           25%        N/A       5%          3
 Alistair's Intoxication  Tmut/Pois      35%        N/A       10%         5
 Animate Armour           Summ/Erth      50%        N/A       19%         4
 Animate Dead             Necr           12%        N/A       19%         4
 Dispel Undead            Necr           25%        3d12      19%         4
 Leda's Liquefaction      Hex/Erth       12%        N/A       19%         4
 Borgnjor's Vile Clutch   Necr/Erth      12%        N/A       45%         5
 Excruciating Wounds      Necr           12%        N/A       45%         5
 Death Channel            Necr           12%        N/A       96%         6
 Lehudib's Crystal Spear  Conj/Erth      25%        10d7      100%        8


Dungeon Overview and Level Annotations

Branches:
Dungeon (15/15)            Temple (0/1) D:7            Lair (6/6) D:8
 Shoals (0/4) Lair:2        Snake (3/4) Lair:4        Slime (0/5) Lair:5
    Orc (2/2) D:10            Elf (0/3) Orc:2        Vaults (0/5) D:14
 Depths (0/4) D:15        Ossuary (visited)

Shops:
D:3 (   D:5 (   D:11 [   Orc:1 :*(   Orc:2 =(=*   Snake:1 *   Snake:2 *
Snake:3 [!(

Annotations:
Lair:2 exclusion: 2 doors
Lair:3 exclusion: oklob plant
Lair:4 exclusion: door
Snake:2 Agnes


Innate Abilities, Weirdness & Mutations

You have an increased reservoir of magic. (+10% MP)
You shall have no god before yourself.
Your divine heritage dramatically boosts your attributes as you level up.
You have a pair of small horns on your head.
You are partially covered in iridescent scales. (AC +2)


Message History

Your +2 cloak unmelds from your body.
Your +1 pair of gloves of dexterity unmelds from your body.
Your +2 pair of boots unmelds from your body.
Your +0 troll leather armour unmelds from your body.
You feel agile.
Agnes hits you with a +1 spectral lajatang!!!
* * * LOW HITPOINT WARNING * * *
Unknown command.
Unknown command.
Unknown command.
Unknown command.
Okay, then.
You feel yourself speed up. Agnes completely misses you.
Agnes hits you with a +1 spectral lajatang!!
* * * LOW HITPOINT WARNING * * *
Unknown command.
Unknown command.
Unknown command.
Unknown command.
Unknown command.
Agnes hits you with a +1 spectral lajatang!
* * * LOW HITPOINT WARNING * * *
There is a stone staircase leading down here.
Unknown command.
Okay, then.
Okay, then.
Unknown command.
Okay, then.
You feel better. Agnes completely misses you.
Unknown command.
Unknown command.
Okay, then.
Unknown command.
Casting: Airstrike (safe; 1% risk of failure)
Confirm with . or Enter, or press ? or * to list all spells.
You miscast Storm Form.
You are very lightly contaminated with residual magic.
Nothing appears to happen.
Agnes hits you with a +1 spectral lajatang!!
You die...

#....#######.........##
##...#.....#.#.#####.#
....#...8...8##.....###
.##.##.............##...
. ..###....<......> ##..
. ####............. ###
##...8...∩...8.... ##.
#.........N...... ##..
.......@i........ ###..#
.................##.#..#
.....8...8.......#..'..#
##.####.#.......##..#..#
# ..#.......#...#..#
..###......#...##.. ..
#...###....##. #.
...#.......## #.#......#


You could see Agnes and a naga.

Vanquished Creatures
  Rupert (Orc:2)
  3 nagarajas
  A storm dragon (D:12)
  An orc warlord (Orc:2)
  A very ugly thing (D:15)
  Nessos (D:13)
  2 naga warriors
  Erolcha (Orc:2)
  7 hydras
  A merfolk aquamancer (D:14)
  An ogre mage (Orc:2)
  4 vault guards (D:14)
  6 anacondas
  A salamander tyrant (Snake:3)
  4 boulder beetles
  12 two-headed ogres
  2 catoblepae
  8 centaur warriors
  A tengu warrior (D:14)
  A deep troll shaman (Lair:6)
  14 death yaks
  Urug (Orc:2)
  22 naga sharpshooters
  6 orc high priests (Orc:2)
  2 shock serpents
  A hell knight (D:12)
  7 salamander mystics
  Lodul (D:13)
  A glowing orange brain (D:15)
  2 skeletal warriors (D:15)
  A naga ritualist (Snake:1)
  A swamp dragon (Snake:3)
  A mana viper (Snake:1)
  An oklob plant (Orc:2)
  A deep elf pyromancer (D:14)
  2 orc knights
  A harpy (shapeshifter) (D:14)
  A wolf spider zombie (D:15)
  15 ugly things
  An orc sorcerer (Orc:2)
  A wolf spider (D:12)
  4 manticores
  A moth of wrath (shapeshifter) (D:15)
  8 cyclopes
  14 salamanders
  17 black mambas
  3 centaur zombies (D:15)
  A black mamba (shapeshifter) (D:15)
  12 elephants
  5 gargoyles
  2 water nymphs (D:14)
  19 cane toads
  8 naga magi
  Maggie (Lair:1)
  2 unseen horrors
  A rime drake (shapeshifter) (D:14)
  A kobold demonologist (D:11)
  8 rime drakes
  7 komodo dragons
  A guardian mummy (D:15)
  A meliai (D:14)
  13 trolls
  Prince Ribbit (Lair:1)
  4 polar bears
  A wolf spider simulacrum (D:15)
  A wind drake (Lair:2)
  3 hornets
  10 slime creatures
  A dream sheep (shapeshifter) (D:9)
  23 blink frogs
  A centaur simulacrum (D:15)
  2 meliai zombies (D:15)
  A vampire (D:10)
  A spriggan (Lair:2)
  Sigmund (D:4)
  2 wraiths
  Eustachio (D:4)
  3 wyverns
  6 basilisks
  A redback (shapeshifter) (D:15)
  48 yaks
  3 vampire mosquitoes (D:12)
  Menkaure (D:7)
  15 wargs
  2 acid dragons
  27 nagas
  13 orc warriors
  22 water moccasins
  2 sky beasts
  2 black bears
  An ice beast (D:4)
  14 wolves
  3 phantoms
  3 boggarts (D:14)
  14 ogres
  6 centaurs
  A kobold brigand (D:8)
  5 gnoll sergeants
  15 bullfrogs
  7 wights (D:7)
  13 killer bees
  6 howler monkeys
  2 electric eels (D:14)
  3 hounds
  5 jellies (Lair:3)
  36 orc priests
  Crazy Yiuf (D:2)
  3 gnoll shamans
  Natasha (thrice) (D:4)
  An iguana (D:5)
  24 orc wizards
  4 hell rats (Lair:4)
  4 mummies
  4 adders
  50 gnolls
  A shadow imp (D:5)
  A white imp (D:8)
  2 adder zombies (Ossuary)
  2 worms (D:2)
  3 dart slugs (D:2)
  134 orcs
  4 ball pythons
  6 bats
  22 endoplasms
  3 giant cockroaches
  10 hobgoblins
  29 jackals
  6 quokkas
  3 frilled lizards
  8 goblins
  2 goblin zombies (Ossuary)
  3 hobgoblin zombies (Ossuary)
  12 kobolds
  3 kobold zombies (Ossuary)
  A quokka zombie (Ossuary)
  7 rats
  7 rat zombies (Ossuary)
966 creatures vanquished.

Vanquished Creatures (collateral kills)
  A naga ritualist (Snake:1)
  3 naga magi (Snake:1)
  A black mamba (Snake:1)
  3 nagas (Snake:1)
8 creatures vanquished.

Vanquished Creatures (others)
  57 fungi
  77 plants
  4 withered plants (D:15)
138 creatures vanquished.

Grand Total: 1112 creatures vanquished

Notes
Turn   | Place    | Note
-------+----------+-------------------------------------------
     0 | D:1      | Morbidden the Demigod Air Elementalist began the quest for
                  | the Orb.
     0 | D:1      | Reached XP level 1. HP: 14/14 MP: 5/5
   460 | D:1      | Reached skill level 1 in Conjurations
   656 | D:1      | Reached XP level 2. HP: 22/22 MP: 1/7
  1348 | D:1      | Learned a level 2 spell: Static Discharge
  1618 | D:2      | Reached XP level 3. HP: 24/27 MP: 2/8
  2630 | D:2      | Found a runed translucent door.
  2631 | D:2      | Noticed Crazy Yiuf
  2649 | D:2      | Killed Crazy Yiuf
  2650 | D:2      | Reached skill level 1 in Fighting
  2650 | D:2      | Reached XP level 4. HP: 20/35 MP: 2/10
  3515 | D:3      | Learned a level 3 spell: Swiftness
  3763 | D:3      | Found Nyj Xyma's Weapon Emporium.
  3848 | D:3      | Noticed a phantom
  4014 | D:3      | Reached XP level 5. HP: 38/40 MP: 2/11
  4844 | D:3      | Reached XP level 6. HP: 47/47 MP: 6/13
  5882 | D:3      | Reached XP level 7. HP: 53/53 MP: 6/16
  5978 | D:3      | Learned a level 4 spell: Airstrike
  6153 | D:4      | Noticed Sigmund
  6160 | D:4      | Killed Sigmund
  6466 | D:4      | You fall into a shaft and drop 3 floors!
  6489 | D:7      | Found a staircase to the Ecumenical Temple.
  6674 | D:6      | Found a sand-covered staircase.
  6680 | Ossuary  | Entered an ossuary
  7202 | D:6      | Reached skill level 5 in Air Magic
  7364 | D:5      | Entered Level 5 of the Dungeon
  7393 | D:4      | Noticed Eustachio
  7418 | D:4      | Killed Eustachio
  7419 | D:4      | Reached XP level 8. HP: 62/62 MP: 9/18
  7694 | D:4      | Noticed Natasha
  7698 | D:4      | Killed Natasha
  7918 | D:4      | Noticed Natasha
  7925 | D:4      | Killed Natasha
  8091 | D:4      | Noticed Natasha
  8095 | D:4      | Killed Natasha
  8096 | D:4      | Reached skill level 5 in Spellcasting
  9052 | D:5      | Reached skill level 1 in Armour
  9544 | D:5      | Found Hezoacok's Weapon Boutique.
 10179 | D:6      | Reached XP level 9. HP: 70/70 MP: 18/21
 10375 | D:6      | Reached skill level 5 in Conjurations
 10490 | D:6      | Reached skill level 1 in Maces & Flails
 11242 | D:7      | Noticed Menkaure
 11244 | D:7      | Killed Menkaure
 11333 | D:7      | Learned a level 5 spell: Blade Hands
 12653 | D:8      | Reached skill level 1 in Transmutations
 13018 | D:8      | Reached skill level 5 in Dodging
 13088 | D:8      | Found a staircase to the Lair.
 13911 | D:9      | Reached XP level 10. HP: 36/77 MP: 3/24
 14108 | D:9      | Noticed a two-headed ogre
 14599 | D:9      | Killed a two-headed ogre
 14758 | D:9      | Noticed a seven-headed hydra
 14972 | D:9      | Noticed a centaur warrior
 14973 | D:9      | Noticed a centaur warrior
 15093 | Lair:1   | Entered Level 1 of the Lair of Beasts
 16045 | Lair:1   | Noticed Maggie
 16051 | Lair:1   | Killed Maggie
 16207 | Lair:1   | Noticed a black mamba
 16211 | Lair:1   | Killed a black mamba
 16784 | Lair:1   | Reached XP level 11. HP: 25/85 MP: 3/27
 17194 | Lair:2   | Noticed a five-headed hydra
 17250 | Lair:2   | Noticed Prince Ribbit
 17255 | Lair:2   | Reached skill level 1 in Short Blades
 17268 | Lair:1   | Killed Prince Ribbit
 17515 | Lair:2   | Reached skill level 1 in Long Blades
 17932 | Lair:2   | Reached skill level 5 in Fighting
 18555 | Lair:2   | Reached skill level 1 in Unarmed Combat
 18696 | Lair:2   | Found a staircase to the Shoals.
 19252 | Lair:2   | Identified the +0 robe "Wudo" {Contam Dex+4 Archmagi}
 19265 | Lair:2   | Killed a five-headed hydra
 19439 | Lair:2   | Noticed a six-headed hydra
 19675 | Lair:3   | Reached skill level 10 in Air Magic
 20826 | Lair:3   | Reached XP level 12. HP: 18/94 MP: 7/30
 21992 | Lair:3   | Noticed a seven-headed hydra
 21997 | Lair:3   | Killed a seven-headed hydra
 22184 | Lair:3   | Reached skill level 5 in Transmutations
 23054 | Lair:3   | You fall into a shaft and drop 3 floors!
 23054 | Lair:6   | Entered Level 6 of the Lair of Beasts
 23054 | Lair:6   | Noticed a boulder beetle
 23145 | Lair:5   | Reached skill level 10 in Spellcasting
 24430 | Lair:4   | Found a staircase to the Snake Pit.
 24884 | Lair:4   | Noticed a seven-headed hydra
 24890 | Lair:4   | Killed a seven-headed hydra
 24923 | Lair:4   | Noticed a four-headed hydra
 24941 | Lair:4   | Killed a four-headed hydra
 25692 | Lair:4   | Reached XP level 13. HP: 104/104 MP: 8/32
 27045 | Lair:5   | Found a staircase to the Slime Pits.
 30564 | Lair:6   | Reached skill level 5 in Unarmed Combat
 32293 | D:9      | Reached skill level 1 in Evocations
 32707 | D:9      | Reached XP level 14. HP: 113/113 MP: 27/34
 32818 | D:10     | Entered Level 10 of the Dungeon
 33247 | D:10     | Found a staircase to the Orcish Mines.
 34697 | D:11     | Found Dosirch's Antique Armour Shop.
 34706 | D:11     | Bought a pair of glowing gloves for 180 gold pieces
 34706 | D:11     | Bought a pair of runed boots for 180 gold pieces
 35592 | D:12     | Noticed a storm dragon
 36111 | D:12     | Killed a storm dragon
 36638 | D:12     | Learned a level 7 spell: Storm Form
 36899 | D:13     | Noticed Lodul
 37503 | D:13     | Noticed Nessos
 37632 | D:13     | Identified the +4 long sword of Xyfrirph {spect, Str+4
                  | Dex+5}
 37633 | D:13     | Paralysed by Lodul for 4 turns
 37938 | D:13     | Killed Lodul
 38314 | D:13     | Killed Nessos
 39279 | D:14     | Found a gate to the Vaults.
 39951 | D:14     | Identified the +2 robe "Esuchegh" {*Corrode Int+5}
 41060 | D:15     | Entered Level 15 of the Dungeon
 41393 | D:15     | Reached XP level 15. HP: 119/121 MP: 37/37
 42521 | D:15     | Found a staircase to the Depths.
 42884 | Orc:1    | Entered Level 1 of the Orcish Mines
 43249 | Orc:1    | Found Peiqoani's Antique Weapon Emporium.
 43251 | Orc:1    | Found Issarphif's Assorted Antiques.
 43313 | Orc:1    | Bought a scroll of teleportation for 75 gold pieces
 43315 | Orc:1    | Found Tuogogac's Book Boutique.
 43805 | Orc:2    | Entered Level 2 of the Orcish Mines
 43805 | Orc:2    | Noticed Erolcha
 43808 | Orc:2    | Killed Erolcha
 44005 | Orc:2    | Noticed Urug
 44010 | Orc:2    | Killed Urug
 44474 | Orc:2    | Found Enguug's Jewellery Shop.
 44474 | Orc:2    | Found Jeaneuzau's Weapon Shoppe.
 44485 | Orc:2    | Gained mutation: You are occasionally teleported next to
                  | monsters. [a neqoxec]
 44504 | Orc:2    | Found a staircase to the Elven Halls.
 45098 | Orc:2    | Noticed Rupert
 45112 | Orc:2    | Killed Rupert
 45146 | Orc:2    | Found Goyloal's Jewellery Shop.
 45146 | Orc:2    | Found Kudghysso's General Store.
 45794 | Snake:1  | Entered Level 1 of the Snake Pit
 45833 | Snake:1  | Noticed a nagaraja
 46200 | Snake:1  | Gained mutation: You are sometimes teleported next to
                  | monsters. [mutagenic glow]
 46218 | Snake:1  | Gained mutation: Armour fits poorly on your strangely
                  | shaped body. [mutagenic glow]
 46224 | Snake:1  | Identified the ring "Kacun" {Will+ Int+6}
 46423 | Snake:1  | Found Keohyewi's Assorted Antiques.
 46667 | Snake:1  | Killed a nagaraja
 46763 | Snake:1  | Lost mutation: Armour fits poorly on your strangely shaped
                  | body. [potion of mutation]
 46763 | Snake:1  | Lost mutation: You are sometimes teleported next to
                  | monsters. [potion of mutation]
 46763 | Snake:1  | Gained mutation: You are dopey. (Int -2) [potion of
                  | mutation]
 46763 | Snake:1  | Gained mutation: You have a pair of small horns on your
                  | head. [potion of mutation]
 46764 | Snake:1  | Lost mutation: You are occasionally teleported next to
                  | monsters. [potion of mutation]
 46764 | Snake:1  | Lost mutation: You are dopey. (Int -2) [potion of mutation]
 46764 | Snake:1  | Gained mutation: You are partially covered in iridescent
                  | scales. (AC +2) [potion of mutation]
 46772 | Snake:1  | Noticed a nagaraja
 46787 | Snake:1  | Killed a nagaraja
 46788 | Snake:1  | Reached XP level 16. HP: 44/129 MP: 34/39
 47451 | Snake:2  | Reached skill level 5 in Evocations
 47460 | Snake:2  | Noticed Agnes
 47951 | Snake:2  | You fall into a shaft and drop 1 floor!
 47963 | Snake:3  | HP: 2/195 [salamander/+0 halberd (15)]
 47992 | Snake:3  | Found Rurhak's Weapon Shop.
 48073 | Snake:3  | Found Satzin's Distillery.
 48431 | Snake:3  | Learned a level 5 spell: Manifold Assault
 49037 | Snake:3  | Reached skill level 1 in Translocations
 49530 | Snake:3  | Found Xynopp's Superior Scales.
 49542 | Snake:3  | Bought the +1 scale mail of Lucidity {Regen+} for 224 gold
                  | pieces
 49892 | Snake:2  | Found Ditelam's General Store.
 49909 | Snake:2  | HP: 6/132 [Agnes/+1 spectral lajatang (7)]
 49911 | Snake:2  | Slain by Agnes

Illustrated notes

Levels and vault maps discovered:
D:1:      grunt_arrival_lava_bath, layout_loops_corners, minmay_misc_feat_rows,
          minmay_hexomino_r4
D:2:      layout_loops_ring, basic_altar, chequers_serial_rivers_large_b,
          uniq_crazy_yiuf_cottage
D:3:      lemuel_castle_with_subvaults [lemuel_castle_interior_original],
          layout_basic, mainiacjoe_overflow_concentric_impassable,
          ebering_ecumenical_altar_webs, serial_shops,
          nicolae_shop_bloodbath_and_beyond
D:4:      nicolae_cairo_tiling_large_dashed, layout_cave_pods, uniq_sigmund,
          uniq_eustachio, uniq_natasha
D:5:      layout_loops_cross, serial_shops, shop
D:6:      layout_basic, nicolae_ossuary_entry_plus
D:7:      layout_gridville, minmay_temple_entry_gardened_gates, uniq_menkaure
D:8:      layout_basic, tso_metal_star, erik_lair_orcish_takeover
D:9:      layout_irregular_city, minmay_diamond_spiral
D:10:     nicolae_cairo_tiling, layout_long_grid,
          gammafunk_temple_overflow_pools, orc_0_dummy,
          statue_in_the_mist_lemuel, minmay_starry_boxes
D:11:     layout_small_grid, serial_shops, shop, grunt_decor_mini_mirrors
D:12:     minmay_mutant_horseshoe, layout_basic
D:13:     layout_cross, uniq_nessos, uniq_lodul
D:14:     layout_small_grid, lightli_vaults_fourway_checkpoint,
          minmay_misc_feat_x, nicolae_splish_splash
D:15:     gammafunk_enter_depths_forms, layout_long_grid, chequers_avenue,
          serial_undead, serial_undead_f, serial_undead_b, serial_undead_a,
          serial_undead_d
Lair:1:   layout_long_grid, uniq_maggie
Lair:2:   nzn_winding_woodlands_small [nzn_winding_woodlands_5x15_crooked,
          nzn_winding_woodlands_center_lodge,
          nzn_winding_woodlands_5x15_garden], layout_cave_shapes,
          minmay_shoals_entry_beasts, grunt_forest_stairs_clearing,
          grunt_megastairs_4, uniq_prince_ribbit2
Lair:3:   lemuel_slime, layout_regular_city, st_stairs_11
Lair:4:   cheibrodos_lair_river_kwai, layout_layer_cave,
          guppyfry_snake_entry_island
Lair:5:   layout_roguey, dpeg_slime_entry_enclosed_altar, lemuel_fruit_tree
Lair:6:   grunt_lair_end_beastmaster, layout_misc_corridors
Snake:1:  layout_layer_cave, serial_shops, nicolae_square_shop,
          nicolae_snake_magic_snake_eye
Snake:2:  layout_honeycomb, serial_shops, shop, grunt_ministairs_12,
          nicolae_stop_n_shop_1, grunt_megastairs_2, uniq_asterion, uniq_agnes
Snake:3:  layout_misc_corridors, hellmonk_scale_shop, serial_bayou_shore_b,
          grunt_megastairs_3, minmay_shoptagon
Orc:1:    layout_diamond_mine, serial_shops, shop, shop, nicolae_shop_waterfront
Orc:2:    st_orc_town, layout_diamond_mine, nicolae_orc_rockfall, mines3_lemuel,
          uniq_rupert, uniq_urug, uniq_erolcha

Skill      XL: |  1  2  3  4  5  6  7  8  9 10 11 12 13 14 15 16 |
---------------+-------------------------------------------------+-----
Dodging        | 2 3 4 5 6 7 8 9 |  9.3
Conjurations   | 1 2 3 4 5 6 7 |  7.7
Air Magic      | 3 4 5 6 7 8 10 11 12 13 14 | 14.5
Spellcasting   | 2 3 4 5 7 8 9 10 11 13 14 | 14.4
Fighting       | 1 2 3 4 5 6 7 8 9 |  9.0
Armour         | 1 2 |  2.8
Maces & Flails | 1 |  1.7
Transmutations | 2 3 4 5 6 7 8 |  8.3
Stealth        | 2 3 |  3.2
Short Blades   | 1 |  1.7
Long Blades    | 1 |  1.7
Unarmed Combat | 2 4 5 6 7 8 |  8.8
Evocations     | 1 3 4 5 |  5.4
Translocations | 1 |  1.5

Action                   |  1- 3 |  4- 6 |  7- 9 | 10-12 | 13-15 | 16-18 || total
-------------------------+-------+-------+-------+-------+-------+-------++-------
Melee: Whip              |    32 |    41 |    63 |       |       |       ||   136
       Punch             |       |     1 |       |     9 |    25 |    12 ||    47
       Dagger            |       |       |    11 |    97 |       |       ||   108
       Unarmed           |       |       |       |   151 |   425 |   130 ||   706
       Long sword        |       |       |       |    18 |   120 |     5 ||   143
       Headbutt          |       |       |       |       |       |     4 ||     4
Throw: Boomerang         |       |       |     2 |       |       |       ||     2
 Cast: Shock             |   105 |   235 |   419 |   113 |    10 |       ||   882
       Static Discharge  |     2 |     1 |    14 |    46 |    27 |       ||    90
       Airstrike         |       |       |    49 |   260 |   689 |    74 ||  1072
       Swiftness         |       |       |       |     4 |       |       ||     4
       Blade Hands       |       |       |       |    11 |    25 |     2 ||    38
       Storm Form        |       |       |       |       |    14 |    14 ||    28
 Abil: Blinkbolt         |       |       |       |       |    15 |     9 ||    24
       End Transformatio |       |       |       |       |       |     1 ||     1
Evoke: Wand              |       |       |     1 |     9 |       |       ||    10
       Lightning rod     |       |       |       |       |     5 |       ||     5
       Tin of tremorston |       |       |       |       |     4 |       ||     4
  Use: Scroll            |       |     2 |     1 |    15 |    24 |     2 ||    44
       Potion            |       |       |       |    10 |    17 |     5 ||    32
 Stab: Distracted        |     1 |       |       |       |       |       ||     1
       Sleeping          |     1 |       |       |       |       |       ||     1
Armor: Robe              |    11 |    36 |       |       |       |       ||    47
       Leather armour    |       |     1 |    72 |    17 |       |       ||    90
       Steam dragon scal |       |       |       |   177 |   124 |       ||   301
       Skin              |       |       |       |    26 |    81 |    49 ||   156
       Troll leather arm |       |       |       |       |   203 |     6 ||   209
Dodge: Dodged            |    39 |    73 |   118 |   387 |   681 |   199 ||  1497

Table legend: (Time is in decaauts)
 A = Elapsed time spent in this place.
 B = Non-inter-level travel time spent in this place.
 C = Inter-level travel time spent in this place.
 D = Time resting spent in this place.
 E = Time spent auto-exploring this place.
 F = Levels seen in this place.
 G = Mean time per level.
                   A        B        C        D        E       F      G
               +--------+--------+--------+--------+--------+-----+--------+
         Total |  49934 |  48292 |   1642 |  12220 |  29379 |  27 | 1849.4 |
       Dungeon |  25828 |  24848 |    980 |   3826 |  17686 |  15 | 1721.9 |
          Lair |  16752 |  16251 |    501 |   7190 |   7066 |   6 | 2792.0 |
     Snake Pit |   4094 |   4056 |     38 |    928 |   2347 |   3 | 1364.7 |
  Orcish Mines |   2767 |   2645 |    122 |    212 |   1936 |   2 | 1383.5 |
       Ossuary |    491 |    491 |      0 |     64 |    343 |   1 |  491.0 |
               +--------+--------+--------+--------+--------+-----+--------+

Top non-repeatable levels by time:
  Lair:2: 3177 daAuts
     D:3: 2994 daAuts
  Lair:6: 2919 daAuts
  Lair:5: 2888 daAuts
  Lair:1: 2763 daAuts
  Lair:4: 2750 daAuts
    D:12: 2681 daAuts
  Lair:3: 2253 daAuts
    D:14: 2206 daAuts
     D:9: 2041 daAuts
 Snake:3: 1932 daAuts
     D:8: 1907 daAuts
     D:2: 1807 daAuts
   Orc:2: 1710 daAuts
    D:15: 1680 daAuts
